 Dungeon Crawl Stone Soup version 0.24.0-13-gcf9b3192b9 (webtiles) character file.

Game seed: 10563228777031263059, levelgen mode: deterministic

254 Arthanis the Chopper (level 6, -3/58 HPs)
             Began as a Gargoyle Berserker on Nov 10, 2019.
             Was a Priest of Trog.
             Slain by a gnoll
             ... wielding a +0 spear
              (4 damage)
             ... on level 3 of the Dungeon.
             The game lasted 00:03:36 (1862 turns).

Arthanis the Chopper (Gargoyle Berserker)           Turns: 1862, Time: 00:03:37

Health: -3/58      AC:  7    Str: 25    XL:     6   Next: 14%
Magic:  6/6        EV: 12    Int: 10    God:    Trog [***...]
Gold:   157        SH:  0    Dex: 13    Spells: 5/5 levels left

rFire    . . .     SeeInvis .   a - +0 hand axe
rCold    . . .     Gourm    .   (no shield)
rNeg     + . .     Faith    .   (no armour)
rPois    ∞         Spirit   .   d - +0 helmet
rElec    +         Reflect  .   (no cloak)
rCorr    .         Harm     .   u - +1 pair of gloves
MR       .....                  (no boots)
Stlth    ..........             (no amulet)
HPRegen  0.19/turn              v - ring of stealth
MPRegen  0.10/turn              t - +4 ring of dexterity

@: berserking, very quick
A: negative energy resistance 1, electricity resistance, unbreathing,
petrification resistance, rot immunity, AC +4
a: Berserk, Trog's Hand, Renounce Religion


You were on level 3 of the Dungeon.
You worshipped Trog.
Trog was most pleased with you.
You were not hungry.

You visited 1 branch of the dungeon, and saw 3 of its levels.

You collected 157 gold pieces.

Inventory:

Hand Weapons
 a - a +0 hand axe (weapon)
 b - a +1 dagger of venom
Armour
 d - a +0 helmet (worn)
 s - a +0 pair of gloves
 u - a +1 pair of gloves (worn)
 x - a +0 chain mail
 y - a +0 animal skin
Jewellery
 n - a +5 ring of intelligence
 t - a +4 ring of dexterity (right hand)
 v - a ring of stealth (left hand)
Scrolls
 e - 3 scrolls of identify {unknown}
 g - 2 scrolls of enchant armour {unknown}
 h - a scroll of blinking {unknown}
 i - a scroll of amnesia {unknown}
 j - a scroll of magic mapping {unknown}
 k - a scroll of remove curse {unknown}
 l - a scroll of enchant weapon {unknown}
 m - a scroll of teleportation {unknown}
 o - a scroll of immolation {unknown}
 p - a scroll of fog {unknown}
Potions
 f - a potion of heal wounds {unknown}
 q - a potion of degeneration {unknown}
 r - a potion of agility
Comestibles
 c - 6 rations
 w - a chunk of flesh


   Skills:
 + Level 4.5 Fighting
 * Level 4.5 Axes
 + Level 3.7 Armour
 - Level 2.1 Dodging


You had 5 spell levels left.
You didn't know any spells.
Your spell library was empty.

Dungeon Overview and Level Annotations

Branches:
Dungeon (3/15)

Altars:


Innate Abilities, Weirdness & Mutations

You are resistant to torment.
Your stone body is resilient. (AC +4)
You are immune to poison.
You resist negative energy. (rN+)
You are resistant to electric shocks. (rElec)
You can survive without breathing.
You are immune to petrification.
You are immune to rotting.


Message History

Increase (S)trength, (I)ntelligence, or (D)exterity?
You feel clever. The gnoll misses you. The gnoll closely misses you.
The gnoll shaman calls upon its god to heal the gnoll.
The gnoll is healed somewhat.
You barely miss the gnoll shaman.
The gnoll shaman is severely wounded.
You barely miss the gnoll. You hit the worm.
The gnoll hits you but does no damage.
You barely miss the gnoll.
The gnoll is moderately wounded.
You slash the gnoll shaman!
You kill the gnoll shaman!
Trog accepts your kill.
You hit the worm. The gnoll hits you but does no damage.
The gnoll hits you with a +0 spear.
* * * LOW HITPOINT WARNING * * *
The worm barely misses you.
The gnoll hits you from afar with a +0 spear.
You die...

#...##...# #...##...#
######...##...######
#........''...'.....
#.###....##...######
#.#<...####......#
#####.#.#..#.........###
#...%w###>.'.........'..
#....g)@...#...###...###
#....g######...###...#
#%...S ####......#
#..... #......# #.....
#....### ###### #....#
######


You could see a worm and 2 gnolls.

Vanquished Creatures
  A gnoll shaman (D:3)
  Robin (D:3)
  2 gnolls (D:3)
  8 adders
  2 oozes
  2 worms
  A dart slug (D:1)
  4 leopard geckos
  5 orcs (D:3)
  9 bats
  A giant cockroach (D:2)
  25 goblins
  14 hobgoblins
  4 jackals (D:2)
  A ball python (D:2)
  5 frilled lizards
  5 kobolds
  8 rats
98 creatures vanquished.

Notes
Turn   | Place    | Note
-------+----------+-------------------------------------------
     0 | D:1      | Arthanis the Gargoyle Berserker began the quest for the
                  | Orb.
     0 | D:1      | Reached XP level 1. HP: 14/14 MP: 1/1
   114 | D:1      | Reached XP level 2. HP: 18/19 MP: 2/2
   357 | D:1      | Reached XP level 3. HP: 22/23 MP: 3/3
   745 | D:2      | Reached ** piety under Trog
   790 | D:2      | Reached XP level 4. HP: 29/29 MP: 4/4
  1186 | D:2      | Reached XP level 5. HP: 32/33 MP: 5/5
  1515 | D:3      | Noticed Robin
  1520 | D:3      | Reached *** piety under Trog
  1529 | D:3      | Killed Robin
  1858 | D:3      | HP: 2/51 [gnoll/+0 spear (4)]
  1859 | D:3      | Reached XP level 6. HP: 1/39 MP: 6/6
  1862 | D:3      | Slain by a gnoll

Levels and vault maps discovered:
D:1:      nzn_arrival_settlement, layout_basic, chequers_serial_rivers_large_a
D:2:      cheibrodos_greedy_goblins, layout_basic
D:3:      layout_basic, serial_corexii_hall, corexii_hall_statues_t,
          corexii_hall_statues_l, corexii_corridor_pit, uniq_robin

Skill      XL: |  1  2  3  4  5 |
---------------+----------------+-----
Axes           | 3 4 |  4.5
Dodging        | 2 |  2.1
Armour         | 3 |  3.7
Fighting       | 4 |  4.5

Action                   |  1- 3 |  4- 6 || total
-------------------------+-------+-------++-------
Melee: Hand axe          |    94 |   151 ||   245
       Dagger            |       |     8 ||     8
Invok: Berserk           |     3 |     3 ||     6
  Eat: Chunk             |     1 |     7 ||     8
Armor: Animal skin       |    47 |    67 ||   114
       Skin              |       |    10 ||    10
Dodge: Dodged            |    80 |   131 ||   211
